 Dungeon Crawl Stone Soup version 0.26.0-16-gc1dbca0489 (webtiles) character file.

Game seed: 5564297369521168743

308 ragingrage the Skirmisher (level 6, -4/42 HPs)
             Began as a Gargoyle Delver on Jan 21, 2021.
             Slain by an ogre
             ... wielding a +0 giant club
              (18 damage)
             ... on level 4 of the Dungeon.
             The game lasted 00:04:09 (3116 turns).

ragingrage the Skirmisher (Gargoyle Delver)         Turns: 3116, Time: 00:04:10

Health: -4/42      AC: 20    Str: 17    XL:     6   Next: 40%
Magic:  6/6        EV:  7    Int: 11    God:
Gold:   163        SH:  0    Dex: 14    Spells: 5/5 levels left

rFire    . . .     SeeInvis .   D - +4 club
rCold    . . .     Faith    .   (no shield)
rNeg     + . .     Spirit   .   G - +5 chain mail of Zireh {-Cast +Fly Dex+3}
rPois    ∞         Reflect  .   F - +0 helmet
rElec    +         Harm     .   w - +0 cloak
rCorr    .         Rampage  .   o - +0 pair of gloves
Will     +....     NoCast   +   (no boots)
Stlth    ..........             (no amulet)
HPRegen  0.14/turn              z - ring of willpower
MPRegen  0.10/turn              (no ring)

@: no status effects
A: negative energy resistance 1, electricity resistance, unbreathing,
petrification resistance, miasma immunity, AC +4
a: Evoke Flight


You were on level 4 of the Dungeon.
You visited 1 branch of the dungeon, and saw 5 of its levels.

You collected 163 gold pieces.

Inventory:

Hand Weapons
 D - a +4 club (weapon)
Missiles
 j - 14 poisoned darts (quivered)
 u - 5 silver javelins
Armour
 o - a +0 pair of gloves (worn)
 w - a +0 cloak (worn)
 F - a +0 helmet (worn)
 G - the +5 chain mail of Zireh (worn) {-Cast +Fly Dex+3}
   (You found it on level 4 of the Dungeon)

   It affects your dexterity (+3).
   It lets you fly.
   It prevents spellcasting.
Jewellery
 h - an uncursed ring of ice
 z - a ring of willpower (left hand)
Wands
 g - a wand of digging (3)
 B - a wand of iceblast (9)
Scrolls
 a - a scroll of remove curse
 c - a scroll of fog
 d - a scroll of magic mapping
 e - 2 scrolls of fear
 r - 4 scrolls of identify
 s - 3 scrolls of amnesia
 t - 2 scrolls of enchant weapon {unknown}
 y - a scroll of random uselessness {unknown}
Potions
 b - 2 potions of berserk rage
 f - a potion of haste
 i - 2 potions of heal wounds {unknown}
 k - a potion of resistance {unknown}
 l - 2 potions of flight {unknown}
 m - 2 potions of curing {unknown}
 p - a potion of attraction {unknown}
 x - a potion of ambrosia {unknown}
 A - a potion of lignification {unknown}
 C - a potion of cancellation {unknown}
 E - a potion of degeneration {unknown}
 H - a potion of brilliance {unknown}


   Skills:
 - Level 6.6 Fighting
 + Level 3.9 Maces & Flails
 - Level 1.5 Dodging
 - Level 5.4 Stealth


You had 5 spell levels left.
You didn't know any spells.
Your spell library was empty.

Dungeon Overview and Level Annotations

Branches:
Dungeon (5/15)
 Temple: D:4-7

Altars:
Uskayaw
Yredelemnul

Annotations:
D:3 4 runed translucent doors, Coron's ghost, amateur MiFi; Coron's ghost, weakling HODe; Crazy Yiuf; QuartsClock's ghost, amateur HOFi; flappity's ghost, amateur OpFi; lastplaneout's ghost, amateur GnWn


Innate Abilities, Weirdness & Mutations

You are resistant to torment.
Your stone body is resilient. (AC +4)
You are immune to poison.
You resist negative energy. (rN+)
You are resistant to electric shocks. (rElec)
You can survive without breathing.
You are immune to petrification.
You are immune to miasma.


Message History

Throw: 17 darts (poison)
Press: ? - help, Q - select action, (/) - cycle Shift-Dir - straight line, f/p - ogre
Aim: an ogre, wielding a +0 giant club (severely wounded, poisoned)
You throw a poisoned dart.
The poisoned dart completely misses the ogre.
The ogre looks more healthy.
Throw: 16 darts (poison)
Press: ? - help, Q - select action, (/) - cycle Shift-Dir - straight line, f/p - ogre
Aim: an ogre, wielding a +0 giant club (severely wounded)
You throw a poisoned dart. The poisoned dart hits the ogre.
The ogre is severely wounded.
The ogre hits you with a +0 giant club.
Throw: 15 darts (poison)
Press: ? - help, Q - select action, (/) - cycle Shift-Dir - straight line, f/p - ogre
Aim: an ogre, wielding a +0 giant club (severely wounded)
You throw a poisoned dart. The poisoned dart hits the ogre.
The ogre is poisoned.
The ogre is severely wounded.
The ogre hits you with a +0 giant club!!
You die...

#.#
####..........
#.#
.....(.......
#.#
#..(.......
#.#
#..........
#.#
#.(....####
#.# ##(#####
#.# #†#
#.##########.#
#.......@O(..#
##############


You could see an ogre (poisoned).

Vanquished Creatures
  An ogre (D:4)
  A howler monkey (D:4)
  Ijyb (D:3)
  Robin (D:3)
  5 adders
  An ooze (D:1)
  An adder skeleton (D:4)
  2 worms (D:2)
  3 dart slugs
  A leopard gecko (D:3)
  2 giant cockroaches (D:1)
  8 goblins
  11 hobgoblins
  10 jackals (D:2)
  4 kobolds
  3 quokkas
  11 bats
  5 frilled lizards
  9 rats
80 creatures vanquished.

Notes
Turn   | Place    | Note
-------+----------+-------------------------------------------
     0 | D:5      | ragingrage the Gargoyle Delver began the quest for the Orb.
     0 | D:5      | Reached XP level 1. HP: 14/14 MP: 1/1
     2 | D:5      | Found a hide-covered altar of Uskayaw.
    19 | D:5      | Noticed an orc wizard
    19 | D:5      | Noticed an orc wizard
    19 | D:5      | Noticed an orc wizard
    35 | D:4      | Noticed a hound
    60 | D:4      | Noticed a howler monkey
   130 | D:3      | Found a basalt altar of Yredelemnul.
   266 | D:3      | Reached skill level 4 in Fighting
   266 | D:3      | Reached XP level 2. HP: 17/20 MP: 2/2
   325 | D:3      | Noticed Coron's ghost (weakling HODe)
   326 | D:3      | Noticed Coron's ghost (amateur MiFi)
   326 | D:3      | Noticed flappity's ghost (amateur OpFi)
   327 | D:3      | Noticed QuartsClock's ghost (amateur HOFi)
   328 | D:3      | Found a runed translucent gate.
   328 | D:3      | Found a runed translucent gate.
   328 | D:3      | Found a runed translucent gate.
   330 | D:3      | Noticed lastplaneout's ghost (amateur GnWn)
   360 | D:3      | Reached XP level 3. HP: 18/24 MP: 3/3
   672 | D:2      | You fall into a shaft and drop 1 floor!
   761 | D:3      | Reached skill level 5 in Fighting
  1011 | D:2      | Reached XP level 4. HP: 31/31 MP: 4/4
  1892 | D:2      | Reached skill level 6 in Fighting
  1923 | D:2      | Reached XP level 5. HP: 30/36 MP: 5/5
  2304 | D:3      | Noticed Ijyb
  2321 | D:3      | Killed Ijyb
  2471 | D:3      | Noticed Robin
  2570 | D:3      | Killed Robin
  2671 | D:3      | Found a runed translucent door.
  2672 | D:3      | Noticed Crazy Yiuf
  2791 | D:4      | Got a twisted chain mail
  2792 | D:4      | Identified the +5 chain mail of Zireh {-Cast +Fly Dex+3}
                  | (You found it on level 4 of the Dungeon)
  2821 | D:4      | Noticed an ogre
  2838 | D:4      | Killed an ogre
  2839 | D:4      | Reached XP level 6. HP: 15/42 MP: 6/6
  3116 | D:4      | Slain by an ogre

Illustrated notes

Levels and vault maps discovered:
D:1:      lightli_arrival_quake, layout_rooms, serial_forest,
          infiniplex_forest_straight_3, infiniplex_forest_corner_1,
          infiniplex_forest_fountain, infiniplex_forest_clump_tiny,
          infiniplex_forest_clump_diagonal, infiniplex_forest_clump_medium,
          infiniplex_forest_3_way, infiniplex_forest_lined_room_
D:2:      layout_basic
D:3:      layout_loops_corners, old_standard_altar, gammafunk_ghost_cemetery,
          uniq_robin, uniq_crazy_yiuf_cottage, uniq_ijyb
D:4:      layout_basic, marbit_many_paths
D:5:      layout_cave_pods, eat_drink_and_be_merry_uskayaw, serial_shops,
          nicolae_shop_stone, kennysheep_mini, kennysheep_little_box, shop,
          shop, gammafunk_ghost_smash

Skill      XL: |  1  2  3  4  5 |
---------------+----------------+-----
Fighting       | 4 5 6 |  6.6
Maces & Flails | 3 |  3.9
Dodging        | |  1.5
Stealth        | |  5.4

Action                   |  1- 3 |  4- 6 || total
-------------------------+-------+-------++-------
Melee: Mace              |    63 |   140 ||   203
       Dagger            |       |    14 ||    14
       Club              |       |    31 ||    31
Throw: Dart              |       |    11 ||    11
  Use: Scroll            |       |     6 ||     6
 Stab: Sleeping          |     5 |    12 ||    17
Armor: Leather armour    |    17 |   101 ||   118
       Chain mail        |       |    17 ||    17
Dodge: Dodged            |    38 |   107 ||   145
